 Dungeon Sprint DCSS version 0.17-a0-1769-g54adf96 (console) character file.

271 utis the Destroyer (level 6, -1/32 HPs)
             Began as a Tengu Fire Elementalist on Sept 7, 2015.
             Slain by a slime creature (9 damage)
             ... in the Dungeon (Sprint I: "Red Sonja").
             The game lasted 00:02:20 (293 turns).

utis the Destroyer (Tengu Fire Elementalist)         Turns: 293, Time: 00:02:20

Health: -1/32      AC:  2    Str:  9    XL:     6   Next: 23%
Magic:  0/13       EV: 19    Int: 17    God:
Gold:   108        SH:  0    Dex: 14    Spells: 4 memorised, 1 level left

rFire  . . .     SeeInvis .     (no weapon)
rCold  . . .     Clarity  .     a - +0 robe
rNeg   . . .     SustAt   .     (no shield)
rPois  .         Gourm    .     (helmet restricted)
rElec  .         Spirit   .     (no cloak)
rCorr  .         Warding  .     (no gloves)
rMut   .         NoTele   +     (boots unavailable)
MR     .....                    (no amulet)
Stlth  ++........               (no ring)
                                (no ring)

@: flying quickly and evasively, quick, not resistant to hostile enchantments,
unstealthy
A: beak, talons 3, able to fly 1
a: no special abilities


You were in the Dungeon.
You were not hungry.

You visited 1 branch You collected 108 gold pieces.

Inventory:

Armour
 a - a +0 robe (worn)
Scrolls
 i - a scroll of blinking {!r}
Potions
 d - a potion of curing
 e - a potion of heal wounds
 f - a potion of haste
 g - 2 potions of magic
Books
 b - a book of Flames

   Spells                             Type                      Level
   a - Flame Tongue                   Conjuration/Fire             1
   b - Throw Flame                    Conjuration/Fire             2
   c - Conjure Flame                  Conjuration/Fire             3
   d - Inner Flame                    Hexes/Fire                   3
   e - Sticky Flame                   Conjuration/Fire             4
   f - Fireball                       Conjuration/Fire             5
Comestibles
 c - a bread ration


   Skills:
 + Level 0.0 Fighting
 * Level 7.6 Dodging
 - Level 2.0 Stealth
 - Level 4.6 Spellcasting
 * Level 8.8 Conjurations
 * Level 8.1 Fire Magic


You had one spell level left.
You knew the following spells:

 Your Spells              Type           Power        Failure   Level  Hunger
a - Flame Tongue          Conj/Fire      ####.        1%          1    None
b - Sticky Flame          Conj/Fire      ####....     6%          4    ####...
d - Conjure Flame         Conj/Fire      ####....     1%          3    ###....
e - Fireball              Conj/Fire      ####......   14%         5    ######.


Dungeon Overview and Level Annotations

Branches:
Dungeon (1/1)

Altars:
Cheibriados
Dithmenos
Fedhas
Jiyva


Innate Abilities, Weirdness & Mutations

You have a beak for a mouth.
You have claws for feet.
You can fly.


Message History

You don't have enough magic to cast that spell.
The slime creature hits you!
* * * LOW HITPOINT WARNING * * *
Casting: Sticky Flame
Confirm with . or Enter, or press ? or * to list all spells.
You don't have enough magic to cast that spell.
Unknown command.
Unknown command.
There is an open door here.
Casting: Sticky Flame
Confirm with . or Enter, or press ? or * to list all spells.
Aiming: Sticky Flame
Press: ? - help, Shift-Dir - straight line, f/p - slime creature
Aim: a slime creature (almost dead)
The sticky flame hits the slime creature.
The slime creature is almost dead.
The slime creature is covered in liquid flames!
* * * LOW MAGIC WARNING * * *
The slime creature burns!
The slime creature hits you!
You die...

▓▓▓▓▓▓▓▓▓▓▓▓▓▓▓▓ ▓▓
▓<.▓..)).▓..'..▓__▓
▓..QJ.▓.J'..▓..'^.+
▓..▓▓▓▓▓+▓▓▓▓▓+▓__▓
▓..▓ ▓▓ ▓..▓ ▓..▓
▓⌠⌠▓ ▓▓▓▓


You could see a slime creature (burning).

Vanquished Creatures
  Sigmund (D)
  An ogre (D)
  Ijyb (D)
3 creatures vanquished.

Vanquished Creatures (others)
  A gargoyle (D)
1 creature vanquished.

Grand Total: 4 creatures vanquished

Notes
Turn   | Place    | Note
--------------------------------------------------------------
     0 | D        | utis the Tengu Fire Elementalist began the quest for the Orb.
     0 | D        | Reached XP level 1. HP: 10/10 MP: 4/4
     2 | D        | Noticed Ijyb
     6 | D        | Killed Ijyb
     6 | D        | Reached skill level 4 in Dodging
     6 | D        | Reached XP level 2. HP: 15/15 MP: 4/6
     6 | D        | Reached XP level 3. HP: 19/19 MP: 5/8
    44 | D        | Learned a level 3 spell: Conjure Flame
    46 | D        | Noticed an ogre
    50 | D        | Killed an ogre
    50 | D        | Reached skill level 5 in Dodging
    50 | D        | Reached skill level 6 in Conjurations
    50 | D        | Reached XP level 4. HP: 24/24 MP: 1/10
    50 | D        | Gained mutation: You can fly. [Tengu growth]
    50 | D        | Reached XP level 5. HP: 28/28 MP: 1/11
    56 | D        | Learned a level 4 spell: Sticky Flame
   134 | D        | Noticed Sigmund
   145 | D        | Killed Sigmund
   145 | D        | Reached skill level 7 in Dodging
   145 | D        | Reached skill level 8 in Conjurations
   145 | D        | Reached XP level 6. HP: 20/32 MP: 3/13
   152 | D        | Learned a level 5 spell: Fireball
   176 | D        | Killed a gargoyle
   276 | D        | Found a snail-covered altar of Cheibriados.
   276 | D        | Found a viscous altar of Jiyva.
   276 | D        | Found a shadowy altar of Dithmenos.
   276 | D        | Found a blossoming altar of Fedhas.
   276 | D        | Noticed a slime creature
   293 | D        | Slain by a slime creature

Vault maps used:
D:        dungeon_sprint_1

Action                   |  1- 3 |  4- 6 || total
-------------------------+-------+-------++-------
Melee: Unarmed           |     3 |       ||     3
 Cast: Flame Tongue      |     3 |     3 ||     6
       Conjure Flame     |     1 |       ||     1
       Sticky Flame      |       |     4 ||     4
 Abil: Fly               |       |     2 ||     2
  Use: Potion            |     1 |       ||     1
